 Dungeon Crawl Stone Soup version 0.18.1-5-g4a78601 (webtiles) character file.

172 Mefis the Magician (level 5, 0/28 HPs)
             Began as a Deep Elf Wizard on May 12, 2016.
             Killed from afar by an orc wizard (4 damage)
             ... with a magic dart
             ... on level 4 of the Dungeon.
             The game lasted 00:08:39 (3454 turns).

Mefis the Magician (Deep Elf Wizard)                Turns: 3454, Time: 00:08:39

Health: 0/28       AC:  3    Str:  4    XL:     5   Next: 27%
Magic:  1/14       EV: 13    Int: 24    God:
Gold:   123        SH:  0    Dex: 13    Spells: 6 memorised, 1 level left

rFire  . . .     SeeInvis .     l - +0 short sword
rCold  . . .     Gourm    .     a - +0 robe
rNeg   . . .     Faith    .     (no shield)
rPois  .         Spirit   .     b - +0 hat
rElec  .         Dismiss  .     q - +0 cloak
rCorr  .         Reflect  .     (no gloves)
SustAt .         Harm     .     (no boots)
MR     .....                    (no amulet)
Stlth  +++.......               (no ring)
                                (no ring)

@: repel missiles, not resistant to hostile enchantments, fairly stealthy
A: no striking features
a: no special abilities


You were on level 4 of the Dungeon.
You were near starving.

You visited 1 branch of the dungeon, and saw 4 of its levels.

You collected 123 gold pieces.

Inventory:

Hand Weapons
 l - a +0 short sword (weapon)
 m - a +0 whip
Missiles
 i - 49 arrows
 n - 5 tomahawks of returning (quivered)
Armour
 a - a +0 robe (worn)
 b - a +0 hat (worn)
 q - a +0 cloak (worn)
Jewellery
 u - a +2 ring of intelligence {unknown}
Scrolls
 e - a scroll of recharging {unknown}
 f - 3 scrolls of identify {unknown}
 j - 2 scrolls of enchant weapon {unknown}
 o - a scroll of random uselessness {unknown}
 r - a scroll of fear {unknown}
 x - a scroll of amnesia {unknown}
Potions
 g - 2 potions of resistance {unknown}
 p - 3 potions of brilliance {unknown}
 s - a potion of might {unknown}
 t - a potion of degeneration {unknown}
 v - a potion of ambrosia {unknown}
Books
 c - a book of Minor Magic

   Spells                             Type                      Level
   a - Magic Dart                     Conjuration                  1
   b - Blink                          Translocation                2
   c - Call Imp                       Summoning                    2
   d - Repel Missiles                 Charms/Air                   2
   e - Slow                           Hexes                        2
   f - Conjure Flame                  Conjuration/Fire             3
   g - Mephitic Cloud                 Conjuration/Poison/Air       3
Comestibles
 d - 2 bread rations
 h - 11 fruits
 k - a meat ration


   Skills:
 + Level 3.1 Dodging
 - Level 4.1 Stealth
 + Level 5.4 Spellcasting
 * Level 2.5 Conjurations
 + Level 2.1 Summonings
 - Level 1.1 Translocations
 + Level 0.9 Fire Magic
 + Level 1.0 Poison Magic


You had one spell level left.
You knew the following spells:

 Your Spells              Type           Power        Failure   Level  Hunger
a - Magic Dart            Conj           ###.         3%          1    None
b - Call Imp              Summ           ###.....     8%          2    None
c - Blink                 Tloc           N/A          12%         2    None
d - Repel Missiles        Chrm/Air       #.....       14%         2    None
e - Mephitic Cloud        Conj/Pois/Air  ##......     17%         3    #......
f - Conjure Flame         Conj/Fire      ###.....     14%         3    #......


Dungeon Overview and Level Annotations

Branches:
Dungeon (4/15)
 Temple: D:4-7

Altars:
Makhleb


Message History

The magic dart hits the orc wizard.
The orc wizard hits you with a dagger.
* * * LOW HITPOINT WARNING * * *
The orc wizard casts a spell.
The orc wizard blinks!
Casting: Magic Dart
Confirm with . or Enter, or press ? or * to list all spells.
Aiming: Magic Dart
Press: ? - help, Shift-Dir - straight line, f/p - orc wizard
Aim: an orc wizard, wielding a dagger and wearing a robe (fast)
The magic dart hits the orc wizard.
The orc wizard is moderately wounded.
Throwing (i - inventory):
n - 6 tomahawks of returning (quivered)
Press: ? - help, Shift-Dir - straight line, f/p - orc wizard
Aim: an orc wizard, wielding a dagger and wearing a robe (moderately wounded, fast)
You throw a tomahawk of returning.
The tomahawk of returning closely misses the orc wizard.
The tomahawk of returning fails to return to your pack!
The orc wizard points at you and mumbles some strange words.
The magic dart hits you!
You die... ..##.############# .)o..o§..(%.o...@# .#.#.#############

You could see an orc wizard.

Vanquished Creatures
  A water moccasin skeleton (D:4)
  6 adders
  2 dart slugs
  2 giant geckos
  4 orcs
  4 bats
  2 giant cockroaches (D:3)
  5 goblins
  6 hobgoblins
  9 jackals
  A quokka (D:2)
  4 giant newts
  5 kobolds
  7 rats (D:1)
58 creatures vanquished.

Vanquished Creatures (collateral kills)
  An orc (D:3)
  A goblin (D:3)
2 creatures vanquished.

Grand Total: 60 creatures vanquished

Notes
Turn   | Place    | Note
--------------------------------------------------------------
     0 | D:1      | Mefis the Deep Elf Wizard began the quest for the Orb.
     0 | D:1      | Reached XP level 1. HP: 10/10 MP: 7/7
   203 | D:1      | You fall through a shaft!
   299 | D:2      | Reached XP level 2. HP: 15/15 MP: 5/9
   374 | D:2      | Learned a level 2 spell: Call Imp
   377 | D:2      | Learned a level 2 spell: Blink
   380 | D:2      | Learned a level 2 spell: Repel Missiles
   594 | D:2      | Found a burning altar of Makhleb.
   715 | D:2      | Reached skill level 5 in Spellcasting
   715 | D:2      | Reached XP level 3. HP: 19/19 MP: 5/11
   720 | D:2      | Learned a level 3 spell: Mephitic Cloud
  2027 | D:2      | Reached XP level 4. HP: 13/24 MP: 3/13
  2207 | D:2      | Learned a level 3 spell: Conjure Flame
  3451 | D:4      | Reached skill level 1 in Poison Magic
  3451 | D:4      | Reached XP level 5. HP: 10/28 MP: 2/14
  3454 | D:4      | Killed from afar by an orc wizard

Skill      XL: |  1  2  3  4 |
---------------+-------------+-----
Stealth        | 3 4 |  4.1
Spellcasting   | 5 |  5.4
Conjurations   | 2 |  2.5
Dodging        | 3 |  3.1
Summonings     | 2 |  2.1
Poison Magic   | 1 |  1.0
Translocations | |  1.1
Fire Magic     | |  0.9

Action                   |  1- 3 |  4- 6 || total
-------------------------+-------+-------++-------
Melee: Unarmed           |     2 |       ||     2
       Short sword       |    11 |     5 ||    16
Throw: Tomahawk          |       |     1 ||     1
 Cast: Magic Dart        |    95 |    53 ||   148
       Mephitic Cloud    |       |     3 ||     3
       Conjure Flame     |       |     2 ||     2
       Call Imp          |       |     1 ||     1
       Repel Missiles    |       |     1 ||     1
 Stab: Sleeping          |     1 |       ||     1
  Eat: Chunk             |     3 |     3 ||     6
Armor: Robe              |    12 |     2 ||    14
Dodge: Dodged            |    37 |    15 ||    52
